 Dungeon Crawl Stone Soup version 0.25-a0-98-g0cf78c2f83 (webtiles) character file.

Game seed: 12558843012004490301, levelgen mode: deterministic

343 Gargoyl the Skirmisher (level 6, -1/52 HPs)
             Began as a Centaur Abyssal Knight on Nov 13, 2019.
             Was a Believer of Lugonu.
             Slain by an ogre
             ... wielding a +0 giant club
              (7 damage)
             ... on level 4 of the Dungeon.
             The game lasted 00:04:05 (3311 turns).

Gargoyl the Skirmisher (Centaur Abyssal Knight)     Turns: 3311, Time: 00:04:06

Health: -1/52      AC: 12    Str: 15    XL:     6   Next: 31%
Magic:  8/8        EV:  2    Int: 11    God:    Lugonu [**....]
Gold:   142        SH:  0    Dex: 10    Spells: 5/5 levels left

rFire    . . .     SeeInvis .   n - +2 hand axe (flame)
rCold    . . .     Gourm    .   (no shield)
rNeg     . . .     Faith    .   d - +1 plate armour
rPois    .         Spirit   .   (no helmet)
rElec    .         Reflect  .   i - +1 cloak
rCorr    .         Harm     .   (no gloves)
MR       .....                  (no barding)
Stlth    ..........             (no amulet)
HPRegen  0.17/turn              (no ring)
MPRegen  0.11/turn              (no ring)

@: very slightly contaminated, invisible, very quick
A: large, hooves 3, deformed body, speed 2, tough skin 3
a: Depart the Abyss, Bend Space, Renounce Religion


You were on level 4 of the Dungeon.
You worshipped Lugonu.
Lugonu was pleased with you.
You were not hungry.

You visited 1 branch of the dungeon, and saw 4 of its levels.
You visited the Abyss 1 time.

You collected 142 gold pieces.

Inventory:

Hand Weapons
 a - a +2 hand axe
 n - a +2 hand axe of flaming (weapon)
Armour
 d - a +1 plate armour (worn)
 i - a +1 cloak (worn)
Scrolls
 g - 2 scrolls of teleportation
 k - a scroll of remove curse
 l - a scroll of identify
Potions
 b - a potion of agility {unknown}
 e - 2 potions of haste {unknown}
 h - a potion of lignification {unknown}
 j - 2 potions of might {unknown}
Comestibles
 c - 3 rations


   Skills:
 + Level 4.0 Fighting
 + Level 3.1 Axes
 * Level 3.1 Armour
 * Level 1.8 Dodging
 * Level 3.1 Invocations


You had 5 spell levels left.
You didn't know any spells.
Your spell library was empty.

Dungeon Overview and Level Annotations

Branches:
Dungeon (4/15)
 Temple: D:4-7

Altars:
Dithmenos
Elyvilon
Makhleb
Ru
Zin


Innate Abilities, Weirdness & Mutations

You have hooves in place of feet.
Armour fits poorly on your strangely shaped body.
You cover ground very quickly.
You have extremely tough skin. (AC +3)


Message History

You hit the ogre. You burn the ogre.
The ogre is heavily wounded.
Your plate armour prevents you from hitting the ball python.
You hit the worker ant. You burn the worker ant.
The ball python bites you but does no damage.
The worker ant bites you but does no damage.
The ogre hits you with a +0 giant club!
* * * LOW HITPOINT WARNING * * *
The ball python bites you but does no damage.
The worker ant bites you but does no damage.
You catch the helpless ogre completely off-guard!
You hit the ogre. You burn the ogre. You kick the ogre!
The ogre is almost dead.
You strike the helpless worker ant from behind!
You hit the worker ant but do no damage.
You hit the ball python. You burn the ball python. The ball python bites you.
* * * LOW HITPOINT WARNING * * *
The worker ant bites you but does no damage.
The ogre hits you with a +0 giant club!
You die...

#. #....# #[.. #
#.##.#..## ....#
.#.#..#(....#.....#
..........S.[%#.#.
#.#...#.......a..%...#
##....(#.##a###...##...
......#....# ###.# .
#.....#a##r# ##
#.#...#O@#O#
##.....#.S#'###
#......#......#
#.##...รท......#
#.........(...#
....#..........#
...............#
..#.#..........#
#.#.#........#


You could see an ogre, a worker ant and a ball python.

Vanquished Creatures
  Grinder (D:3)
  A hound (D:4)
  6 adders
  2 worms
  6 orcs (D:3)
  3 bats
  A giant cockroach (D:1)
  7 goblins
  7 hobgoblins
  11 jackals
  2 quokkas
  4 frilled lizards
  7 kobolds
  A quokka skeleton (D:3)
  5 rats
64 creatures vanquished.

Notes
Turn   | Place    | Note
-------+----------+-------------------------------------------
     0 | Abyss:1  | Gargoyl the Centaur Abyssal Knight began the quest for the
                  | Orb.
     0 | Abyss:1  | Reached XP level 1. HP: 19/19 MP: 2/2
    46 | Abyss:2  | Noticed an orange demon
    65 | D:1      | Escaped the Abyss
   356 | D:1      | Reached * piety under Lugonu
   528 | D:1      | Reached XP level 2. HP: 26/26 MP: 3/3
   667 | D:1      | Reached skill level 1 in Dodging
  1130 | D:2      | Reached XP level 3. HP: 30/31 MP: 4/4
  1554 | D:2      | Found a glowing silver altar of Zin.
  1554 | D:2      | Found a sacrificial altar of Ru.
  1617 | D:2      | Found a burning altar of Makhleb.
  1619 | D:2      | Found a shadowy altar of Dithmenos.
  1620 | D:2      | Found a white marble altar of Elyvilon.
  1827 | D:3      | Noticed Grinder
  1839 | D:3      | Reached ** piety under Lugonu
  1840 | D:3      | Paralysed by Grinder for 3 turns
  2085 | D:3      | Paralysed by Grinder for 7 turns
  2102 | D:3      | Paralysed by Grinder for 6 turns
  2117 | D:3      | Killed Grinder
  2117 | D:3      | Reached XP level 4. HP: 4/40 MP: 4/6
  2117 | D:3      | Reached XP level 5. HP: 4/46 MP: 4/7
  2628 | D:3      | Reached XP level 6. HP: 48/52 MP: 8/8
  3052 | D:4      | Reached skill level 4 in Fighting
  3311 | D:4      | Slain by an ogre

Levels and vault maps discovered:
D:1:      psy_arrival_radial01, layout_basic, palyth_stone_intersect
D:2:      layout_basic, grunt_temple_overflow_open, serial_bayou_pond_d
D:3:      layout_loops_cross, uniq_grinder
D:4:      layout_basic, first_ration, kennysheep_another_room,
          kennysheep_flooded_box, serial_bayou_pond_b

Skill      XL: |  1  2  3  4  5  6 |
---------------+-------------------+-----
Axes           | 2 3 |  3.1
Dodging        | 1 |  1.8
Armour         | 2 3 |  3.1
Invocations    | 3 |  3.1
Fighting       | 4 |  4.0

Action                   |  1- 3 |  4- 6 || total
-------------------------+-------+-------++-------
Melee: Hand axe          |   142 |    61 ||   203
       Kick              |    23 |     6 ||    29
Invok: Depart the Abyss  |     1 |       ||     1
  Use: Potion            |     8 |     1 ||     9
       Scroll            |     6 |     1 ||     7
 Stab: Invisible         |       |     6 ||     6
  Eat: Ration            |     1 |     1 ||     2
       Chunk             |     1 |       ||     1
Armor: Plate armour      |   127 |    59 ||   186
       Leather armour    |     1 |       ||     1
Dodge: Dodged            |    24 |    12 ||    36

Table legend:
 A = Non-vault XP
 B = Vault XP
 C = Vault XP percentage of total XP
 D = Non-vault monster count
 E = Vault monster count
 F = Vault count percentage of total count
                 A         B        C        D         E       F
            +---------+---------+-------+---------+---------+-------
      Total |     229 |     262 |  53.4 |      63 |       1 |   1.6
            +---------+---------+-------+---------+---------+-------
        D:1 |      35 |       0 |   0.0 |      22 |       0 |   0.0
        D:2 |      31 |       0 |   0.0 |      12 |       0 |   0.0
        D:3 |      94 |     262 |  73.6 |      22 |       1 |   4.3
        D:4 |      69 |       0 |   0.0 |       7 |       0 |   0.0
            +---------+---------+-------+---------+---------+-------
